 Dungeon Crawl Stone Soup version 0.28-a0-577-gb193047a1f (webtiles) character file.

Game seed: 1986259904119069039

61 BR41ND34D the Grave Robber (level 3, 0/26 HPs)
             Began as a Vampire Necromancer on Oct 2, 2021.
             Slain by an orc wizard (4 damage)
             ... on level 3 of the Dungeon.
             The game lasted 00:07:34 (2171 turns).

BR41ND34D the Grave Robber (Vampire Necromancer)    Turns: 2171, Time: 00:07:35

Health: 0/26       AC:  2    Str:  7    XL:     3   Next: 83%
Magic:  3/6        EV: 12    Int: 18    God:
Gold:   68         SH:  0    Dex: 14    Spells: 6/7 levels left

rFire   . . .      SeeInvis +   f - +0 dagger
rCold   . . .      Faith    .   (no shield)
rNeg    . . .      Spirit   .   a - +0 robe
rPois   .          Reflect  .   (no helmet)
rElec   .          Harm     .   (no cloak)
rCorr   .          Rampage  .   (no gloves)
Will    .....                   (no boots)
Stlth   ++........              (no amulet)
HPRegen 0.28/turn               (no ring)
MPRegen 0.10/turn               (no ring)

@: healing quickly
A: alive, fangs 3, see invisible, vampiric 2
a: Exsanguinate


You were on level 3 of the Dungeon.
You visited 1 branch of the dungeon, and saw 3 of its levels.

You collected 68 gold pieces.

Inventory:

Hand Weapons
 f - a +0 dagger (weapon)
Missiles
 e - 10 poisoned darts (quivered)
Armour
 a - a +0 robe (worn)
Scrolls
 b - a scroll of enchant armour {unknown}
 c - a scroll of fear {unknown}
 d - a scroll of noise {unknown}
 g - a scroll of brand weapon {unknown}
 h - a scroll of immolation {unknown}
 j - a scroll of teleportation {unknown}
Potions
 i - a potion of lignification {unknown}


   Skills:
 + Level 1.0 Fighting
 + Level 2.5 Dodging
 + Level 3.6 Stealth
 * Level 2.5 Spellcasting
 * Level 5.1 Necromancy


You had 6 spell levels left.
You knew the following spells:

 Your Spells              Type           Power      Damage    Failure   Level
a - Pain                  Necr           80%        1d8       1%          1

Your spell library contained the following spells:

 Spells                   Type           Power      Damage    Failure   Level
 Animate Skeleton         Necr           40%        N/A       1%          1
 Vampiric Draining        Necr           10%        2d7       6%          3
 Animate Dead             Necr           10%        N/A       21%         4
 Agony                    Necr           20%        N/A       50%         5


Dungeon Overview and Level Annotations

Branches:
Dungeon (3/15)

Altars:
Ru

Annotations:
D:3 Sigmund


Innate Abilities, Weirdness & Mutations

Your natural rate of healing is accelerated.
You have razor-sharp teeth.
You have supernaturally acute eyesight. (SInv)
You are afflicted with vampirism and can become a bat while bloodless.


Message History

Confirm with . or Enter, or press ? or * to list all spells.
Aiming: Pain (safe; 2% risk of failure)
Press: ? - help, Shift-Dir - straight line, f/p - orc wizard
Aim: an orc wizard, wielding a +0 dagger and wearing a +0 robe (heavily wounded, slightly transparent, poisoned, chance to affect: 80%)
The orc wizard writhes in agony.
The orc wizard points at you and mumbles some strange words.
The magic dart hits you.
* * * LOW HITPOINT WARNING * * *
The orc wizard points at you and mumbles some strange words.
The magic dart hits the orc wizard!
The orc wizard dies!
Your Fighting skill increases to level 1!
Casting: Pain (safe; 1% risk of failure)
Confirm with . or Enter, or press ? or * to list all spells.
Aiming: Pain (safe; 1% risk of failure)
Press: ? - help, Shift-Dir - straight line, f - orc wizard
Aim: an orc wizard, wielding a +0 dagger and wearing a +0 robe (chance to affect: 80%)
The orc wizard barely resists.
Casting: Pain (safe; 1% risk of failure)
Confirm with . or Enter, or press ? or * to list all spells.
Aiming: Pain (safe; 1% risk of failure)
Press: ? - help, Shift-Dir - straight line, f/p - orc wizard
Aim: an orc wizard, wielding a +0 dagger and wearing a +0 robe (chance to affect: 80%)
The orc wizard barely resists.
Throw: 11 darts (poison)
Press: ? - help, Q - select action, (/) - cycle Shift-Dir - straight line, f/p - orc wizard
Aim: an orc wizard, wielding a +0 dagger and wearing a +0 robe (50% to hit)
You throw a poisoned dart. The poisoned dart hits the orc wizard.
The orc wizard is poisoned.
You hit the orc wizard but do no damage.
You bite the orc wizard.
The orc wizard is moderately wounded.
The orc wizard hits you with a +0 dagger.
* * * LOW HITPOINT WARNING * * *
Unknown command.
You closely miss the orc wizard.
The orc wizard is heavily wounded.
The orc wizard looks more healthy.
The orc wizard hits you with a +0 dagger.
You die...

##### #.@o###
#.#...# #.###.#
######## ##.#
#.#
##......####..#
#)#
##............##
#(#
#...+#######'.#
#)# ...#
#...#...#...#.#
#(## ...#
#...#...#.).#.#
#.(# o..###


You could see an orc wizard.

Vanquished Creatures
  An adder skeleton (D:2)
  A dart slug (D:1)
  2 orcs (D:3)
  3 ball pythons
  3 endoplasms
  2 giant cockroaches (D:1)
  8 goblins
  2 hobgoblins
  4 jackals (D:2)
  A bat (D:2)
  3 frilled lizards
  5 kobolds
  2 rats
37 creatures vanquished.

Vanquished Creatures (others)
  An orc wizard (D:3)
1 creature vanquished.

Grand Total: 38 creatures vanquished

Notes
Turn   | Place    | Note
-------+----------+-------------------------------------------
     0 | D:1      | BR41ND34D the Vampire Necromancer began the quest for the
                  | Orb.
     0 | D:1      | Reached XP level 1. HP: 13/13 MP: 3/3
   536 | D:1      | Reached XP level 2. HP: 20/20 MP: 5/5
  1312 | D:2      | Found a faded altar of an unknown god.
  1413 | D:2      | Gained mutation: You are afflicted with vampirism and can
                  | become a bat while bloodless. [Vampire growth]
  1413 | D:2      | Reached XP level 3. HP: 23/25 MP: 2/6
  1987 | D:3      | Noticed Sigmund
  2083 | D:3      | Found a sacrificial altar of Ru.
  2095 | D:3      | Reached skill level 5 in Necromancy
  2163 | D:3      | Reached skill level 1 in Fighting
  2171 | D:3      | Slain by an orc wizard

Illustrated notes

Levels and vault maps discovered:
D:1:      lightli_arrival_lavapool, layout_loops_corners
D:2:      layout_basic, shapermc_ecumenical_altar_acropolis,
          minmay_misc_feat_five
D:3:      layout_rooms, nicolae_ru_great_annihilating_truth,
          corexii_corridor_pit, uniq_sigmund

Skill      XL: |  1  2  3 |
---------------+----------+-----
Necromancy     | 5 |  5.1
Fighting       | 1 |  1.0
Dodging        | |  2.5
Stealth        | |  3.6
Spellcasting   | |  2.5

Action                   || total
-------------------------++-------
Melee: Dagger            ||    37
       Unarmed           ||     2
       Bite              ||     3
Throw: Dart              ||     8
 Cast: Pain              ||    39
 Stab: Sleeping          ||    13
       Distracted        ||     1
       Paralysed         ||     1
Armor: Robe              ||     8
Dodge: Dodged            ||    24

Table legend: (Time is in decaauts)
 A = Elapsed time spent in this place.
 B = Non-inter-level travel time spent in this place.
 C = Inter-level travel time spent in this place.
 D = Time resting spent in this place.
 E = Time spent auto-exploring this place.
 F = Levels seen in this place.
 G = Mean time per level.
                   A        B        C        D        E       F      G
               +--------+--------+--------+--------+--------+-----+--------+
         Total |   2171 |   2054 |    117 |    301 |   1442 |   3 |  723.7 |
       Dungeon |   2171 |   2054 |    117 |    301 |   1442 |   3 |  723.7 |
               +--------+--------+--------+--------+--------+-----+--------+

Top non-repeatable levels by time:
     D:2: 1069 daAuts
     D:1: 992 daAuts
     D:3: 109 daAuts
